 Dungeon Crawl Stone Soup version 0.27.1-1-g398f81649c (webtiles) character file.

Game seed: 8058820233417395700

16 zdrol the Shield-Bearer (level 2, -1/27 HPs)
             Began as a Minotaur Fighter on Sept 10, 2021.
             Slain by a kobold (3 damage)
             ... on level 1 of the Dungeon.
             The game lasted 00:01:35 (220 turns).

zdrol the Shield-Bearer (Minotaur Fighter)           Turns: 220, Time: 00:01:36

Health: -1/27      AC:  7    Str: 20    XL:     2   Next: 41%
Magic:  1/1        EV:  7    Int:  5    God:
Gold:   16         SH:  9    Dex:  9    Spells: 1/1 levels left

rFire    . . .     SeeInvis .   a - +0 long sword
rCold    . . .     Faith    .   c - +0 kite shield
rNeg     . . .     Spirit   .   b - +0 scale mail
rPois    .         Reflect  .   (helmet restricted)
rElec    .         Harm     .   (no cloak)
rCorr    .         Rampage  .   (no gloves)
Will     .....                  (no boots)
Stlth    ..........             (no amulet)
HPRegen  0.09/turn              (no ring)
MPRegen  0.07/turn              (no ring)

@: no status effects
A: horns 2, retaliatory headbutt
a: no special abilities


You were on level 1 of the Dungeon.
You visited 1 branch of the dungeon, and saw 1 of its levels.

You collected 16 gold pieces.

Inventory:

Hand Weapons
 a - a +0 long sword (weapon)
Armour
 b - a +0 scale mail (worn)
 c - a +0 kite shield (worn)
Scrolls
 e - a scroll of fog {unknown}
 f - a scroll of identify {unknown}
Potions
 d - a potion of might


   Skills:
 + Level 3.8 Fighting
 + Level 2.5 Long Blades
 + Level 4.0 Armour
 + Level 0.1 Dodging
 + Level 4.0 Shields


You had one spell level left.
You didn't know any spells.
Your spell library was empty.

Dungeon Overview and Level Annotations

Branches:
Dungeon (1/15)

Altars:

Shops:
D:1 [[*


Innate Abilities, Weirdness & Mutations

You have a pair of horns on your head.
You reflexively headbutt those who attack you in melee.


Message History

You closely miss the gnoll. You headbutt the gnoll.
You kill the gnoll!
You block the bat's attack. The bat hits you but does no damage.
The kobold hits you but does no damage. You block the bat's attack.
The ball python bites you but does no damage.
The ball python constricts you. The bat hits you but does no damage.
You block the kobold's attack.
Your Shields skill increases to level 4!
You have reached level 2!
You barely miss the kobold. You block the bat's attack.
The bat hits you but does no damage. You block the bat's attack.
The ball python bites you but does no damage.
The ball python constricts you. The bat hits you but does no damage.
The kobold hits you but does no damage. The ball python bites you.
* * * LOW HITPOINT WARNING * * *
The ball python constricts you.
You barely miss the kobold. Your headbutt misses the kobold.
You block the bat's attack. The bat hits you but does no damage.
You block the ball python's attack. The ball python constricts you.
The kobold barely misses you. The ball python barely misses you.
You furiously retaliate!
You headbutt the ball python.
You kill the ball python!
You block the bat's attack.
Your Armour skill increases to level 4!
You closely miss the kobold. You headbutt the kobold.
The kobold is moderately wounded.
The bat hits you.
* * * LOW HITPOINT WARNING * * *
The bat hits you but does no damage. The kobold barely misses you.
You block the kobold's attack.
You hit the kobold.
The kobold is heavily wounded.
You block the bat's attack. x2; The bat hits you but does no damage.
The kobold hits you but does no damage. The bat hits you but does no damage.
You block the bat's attack.
You barely miss the kobold. You headbutt the kobold.
The kobold is severely wounded.
You block the bat's attack. The bat barely misses you.
You riposte.
You closely miss the bat. The kobold hits you with a +0 dagger.
You die...

........ ..........#
........ ........#.
....... ..........
....... .........#
...#... .........#
...###. .........##
....... ......K.b.####.
#.#.....
.....b)@....##.##.#####.
........#....# ...## ##
..#######..#.###...# #
#......##..# #
#.##.#.....# #
#....####..#####
##..............
#.......#.##...
#.......#.##...


You could see 2 bats and a kobold.

Vanquished Creatures
  A gnoll (D:1)
  A ball python (D:1)
  A goblin (D:1)
  2 hobgoblins (D:1)
  A kobold (D:1)
  A rat (D:1)
7 creatures vanquished.

Notes
Turn   | Place    | Note
-------+----------+-------------------------------------------
     0 | D:1      | zdrol the Minotaur Fighter began the quest for the Orb.
     0 | D:1      | Reached XP level 1. HP: 19/19 MP: 0/0
    26 | D:1      | Found Lucimyne's Antique Armour Shop.
   126 | D:1      | Found Kaqoinej's General Store.
   185 | D:1      | Found Sesorued's Armour Shop.
   216 | D:1      | Reached XP level 2. HP: 3/27 MP: 1/1
   218 | D:1      | HP: 1/27 [bat (1)]
   220 | D:1      | Slain by a kobold

Illustrated notes

Levels and vault maps discovered:
D:1:      lightli_arrival_windingriver, layout_rooms, serial_shops,
          nicolae_shop_window_shopping, shop, shop,
          nicolae_shop_competitors_out_of_business

Skill      XL: |  1  2 |
---------------+-------+-----
Shields        | 4 |  4.0
Armour         | 4 |  4.0
Fighting       | |  3.8
Long Blades    | |  2.5
Dodging        | |  0.1

Action                   || total
-------------------------++-------
Melee: Long sword        ||    19
       Headbutt          ||     7
Armor: Scale mail        ||    34
Dodge: Dodged            ||    15
Block: Kite shield       ||    22
       Rpst.: Long sword ||     5
